Map: World of Sleepers LE

Players

Ratl - Winner!

  • Race: Protoss Protoss
  • Spawn Location: 1:00

VOD

Have the link to the VOD?

Description

Time

  • Played on: Oct. 29, 2019, 8:50 p.m.
  • Length: 44:29
Show
View Real Time Build Order
Export as new Build Order

Ratl Protoss - Winner!

Build Orders:  

Get SALT Encoding   

  12  0:07  Probe (Chrono Boost)  
  13  0:35  Probe (Chrono Boost)  
  13  0:36  Pylon  
  14  0:47  Probe (Chrono Boost)  
  15  1:04  Pylon  
  15  1:05  Probe (Chrono Boost)  
  17  1:22  Probe (Chrono Boost)  
  17  1:32  Gateway  
  17  1:37  Probe (Chrono Boost)  
  18  1:40  Forge  
  18  1:48  Probe (Chrono Boost)  
  18  1:58  Assimilator  
  19  2:02  Probe (Chrono Boost)  
  20  2:13  Assimilator  
  20  2:18  Probe (Chrono Boost)  
  21  2:35  Probe (Chrono Boost)  
  23  2:52  Probe (Chrono Boost)  
  23  2:56  Zealot  
  25  3:31  Cybernetics Core  
  25  3:34  Zealot  
  27  3:56  Gateway  
  27  4:04  Pylon  
  27  4:11  Pylon  
  27  4:12  Zealot  
  27  4:18  Pylon  
  29  4:27  Pylon  
  29  4:45  Robotics Facility  
  29  4:50  Zealot  
  29  4:51  Stargate  
  31  5:00  Twilight Council  
  31  5:12  Gateway  
  31  5:17  Zealot  
  33  5:28  Zealot  
  35  6:01  Zealot (Chrono Boost)  
  35  6:05  Nexus  
  33  6:59  Probe (Chrono Boost)  
  30  7:12  Probe (Chrono Boost)  
  30  7:13  Zealot  
  30  7:14  Zealot  
  30  7:15  Zealot  
  37  7:24  Probe (Chrono Boost)  
  39  7:41  Probe (Chrono Boost)  
  39  7:51  Stalker  
  39  7:52  Stalker  
  39  7:53  Zealot  
  39  7:55  Templar Archives  
  39  7:58  Probe (Chrono Boost)  
  46  8:08  Robotics Bay  
  46  8:09  Probe (Chrono Boost)  
  47  8:20  Probe (Chrono Boost)  
  46  8:31  Sentry  
  46  8:34  Probe (Chrono Boost)  
  45  8:47  Probe (Chrono Boost)  
  46  8:59  Probe (Chrono Boost)  
  47  9:10  Probe (Chrono Boost)  
  47  9:15  Assimilator  
  47  9:19  Assimilator  
  48  9:21  Probe (Chrono Boost)  
  49  9:33  Probe (Chrono Boost)  
  50  9:48  Probe (Chrono Boost)  
  51  10:01  Probe (Chrono Boost)  
  51  10:08  Pylon, Nexus  
  51  10:09  Pylon, Assimilator  
  52  10:13  Probe (Chrono Boost)  
  52  10:14  Assimilator  
  53  10:24  Pylon  
  53  10:25  Probe (Chrono Boost)  
  54  10:30  Pylon  
  54  10:38  Pylon  
  55  10:42  Probe (Chrono Boost)  
  55  11:25  Photon Cannon  
  55  11:29  Photon Cannon  
  55  11:33  Shield Battery  
  55  11:56  Photon Cannon  
  55  12:12  Zealot  
  55  12:13  Zealot x2  
  61  12:29  Probe (Chrono Boost)  
  62  12:41  Probe (Chrono Boost)  
  64  12:50  Zealot  
  64  12:51  Stalker x2  
  64  12:52  Probe x2 (Chrono Boost)  
  71  13:03  Probe (Chrono Boost)  
  71  13:09  Probe (Chrono Boost)  
  73  13:15  Probe (Chrono Boost)  
  74  13:22  Pylon  
  74  13:27  Stalker (Chrono Boost)  
  75  13:31  Probe (Chrono Boost), Stalker (Chrono Boost)  
  75  13:32  Stalker (Chrono Boost)  
  67  13:48  Probe (Chrono Boost)  
  60  14:00  Zealot (Chrono Boost)  
  60  14:03  Probe (Chrono Boost)  
  60  14:06  Zealot x2 (Chrono Boost)  
  69  14:40  Zealot (Chrono Boost)  
  69  14:44  Zealot (Chrono Boost)  
  69  14:47  High Templar (Chrono Boost)  
  69  15:01  Photon Cannon  
  69  15:05  Photon Cannon  
  69  15:08  Photon Cannon  
  69  15:10  Zealot (Chrono Boost)  
  69  15:11  Shield Battery  
  69  15:12  Zealot (Chrono Boost)  
  69  15:14  Shield Battery  
  73  15:26  Zealot (Chrono Boost)  
  75  15:41  Zealot (Chrono Boost)  
  75  15:46  Phoenix, Zealot (Chrono Boost)  
  83  16:03  Zealot (Chrono Boost)  
  83  16:10  Psionic Storm  
  83  16:16  Protoss Air Weapons Level 1  
  87  16:20  Stalker (Chrono Boost)  
  87  16:21  Phoenix  
  87  16:24  Zealot (Chrono Boost)  
  87  16:25  Protoss Ground Weapons Level 1  
  89  16:33  Gravitic Boosters  
  91  16:41  Zealot (Chrono Boost)  
  91  16:56  Phoenix, Probe  
  98  17:01  Zealot (Chrono Boost)  
  98  17:02  Zealot (Chrono Boost)  
  98  17:13  Probe  
  98  17:19  Stargate, Zealot (Chrono Boost)  
  101  17:20  Charge  
  101  17:23  Stargate  
  101  17:30  Probe  
  101  17:31  Phoenix  
  101  17:32  Gateway  
  101  17:33  Gravitic Drive  
  101  17:39  Sentry (Chrono Boost)  
  108  17:40  Sentry (Chrono Boost)  
  108  17:47  Probe  
  109  17:57  Sentry (Chrono Boost)  
  111  18:06  Phoenix  
  113  18:17  Stalker (Chrono Boost)  
  113  18:18  Stalker (Chrono Boost)  
  117  18:35  Stalker (Chrono Boost)  
  113  18:41  Nexus  
  113  18:44  Assimilator  
  95  18:50  Assimilator  
  95  18:59  Stalker (Chrono Boost)  
  85  19:16  Protoss Air Armor Level 1  
  85  19:17  Stalker (Chrono Boost)  
  87  19:25  Protoss Shields Level 1  
  87  19:35  Unknown  
  89  19:41  Stalker x2 (Chrono Boost)  
  89  19:43  Extended Thermal Lance  
  83  19:58  Zealot (Chrono Boost)  
  83  20:10  Blink  
  81  20:22  Zealot (Chrono Boost)  
  81  20:23  Zealot (Chrono Boost)  
  81  20:29  Void Ray x3  
  67  20:43  Zealot (Chrono Boost)  
  67  20:44  Zealot (Chrono Boost)  
  67  20:49  Zealot x2 (Chrono Boost)  
  87  21:06  Probe  
  87  21:16  Zealot x2 (Chrono Boost)  
  87  21:17  Probe  
  92  21:24  Zealot (Chrono Boost)  
  92  21:25  Stalker (Chrono Boost)  
  92  21:27  Void Ray x3  
  109  21:32  Probe  
  110  21:49  Probe  
  115  21:55  Stalker x2 (Chrono Boost)  
  117  22:02  Stalker (Chrono Boost)  
  117  22:06  Probe  
  117  22:07  Stalker (Chrono Boost)  
  120  22:24  Protoss Ground Armor Level 1  
  120  22:26  Void Ray  
  120  22:27  Void Ray x2  
  132  22:37  Stalker x2 (Chrono Boost)  
  138  22:49  Zealot (Chrono Boost)  
  140  23:16  Warp Gate  
  140  23:18  Zealot x2 (Chrono Boost)  
  144  23:20  Unknown  
  144  23:26  Void Ray, Zealot (Chrono Boost)  
  144  23:27  Void Ray  
  144  23:28  Nexus  
  156  23:30  Pylon, Assimilator, Unknown  
  156  23:34  Assimilator  
  156  23:39  Pylon  
  156  23:55  Void Ray  
  164  24:03  Unknown  
  168  24:26  Void Ray  
  168  24:28  Pylon  
  172  24:32  Pylon x2  
  172  24:37  Unknown x2  
  172  24:38  Pylon  
  172  24:39  Void Ray  
  170  24:46  Unknown x2  
  148  24:52  Stalker (Chrono Boost)  
  148  24:55  Void Ray  
  94  25:19  Unknown  
  86  25:20  Unknown  
  86  25:26  Phoenix, Stalker (Chrono Boost)  
  86  25:27  High Templar (Chrono Boost)  
  86  25:28  Unknown  
  94  25:34  Zealot (Chrono Boost), Stalker (Chrono Boost)  
  94  25:39  Phoenix  
  95  25:55  Phoenix  
  95  26:01  Phoenix  
  95  26:08  Zealot (Chrono Boost)  
  97  26:12  Zealot (Chrono Boost)  
  97  26:14  Phoenix  
  97  26:16  Zealot (Chrono Boost)  
  97  26:19  Zealot (Chrono Boost)  
  103  26:30  Phoenix  
  103  26:35  Dark Shrine  
  103  26:36  Phoenix  
  107  26:46  Zealot (Chrono Boost)  
  107  26:49  Phoenix  
  115  26:50  Zealot (Chrono Boost)  
  115  26:54  Zealot (Chrono Boost)  
  115  26:57  Zealot (Chrono Boost)  
  117  27:05  Phoenix  
  119  27:11  Phoenix, Fleet Beacon  
  119  27:17  Pylon  
  119  27:18  Zealot (Chrono Boost)  
  119  27:19  Phoenix  
  123  27:20  Zealot (Chrono Boost)  
  123  27:22  Pylon  
  123  27:23  Zealot (Chrono Boost)  
  123  27:27  Zealot (Chrono Boost)  
  123  27:29  Phoenix  
  129  27:34  Phoenix  
  131  27:45  Void Ray  
  131  27:48  Zealot (Chrono Boost)  
  135  27:56  Zealot (Chrono Boost)  
  135  27:59  Zealot (Chrono Boost)  
  143  28:00  Void Ray  
  143  28:07  Void Ray  
  153  28:19  High Templar  
  155  28:26  Zealot (Chrono Boost)  
  159  28:33  Zealot (Chrono Boost)  
  159  28:34  Anion Pulse-Crystals  
  159  28:37  Zealot (Chrono Boost)  
  161  28:45  Void Ray  
  161  28:48  Immortal  
  171  29:00  Void Ray  
  171  29:03  Zealot (Chrono Boost)  
  171  29:04  Sentry (Chrono Boost), Zealot (Chrono Boost)  
  171  29:07  Void Ray  
  183  29:35  Sentry (Chrono Boost)  
  183  29:38  Sentry (Chrono Boost)  
  177  29:41  Sentry (Chrono Boost)  
  125  30:12  Sentry (Chrono Boost)  
  125  30:17  High Templar (Chrono Boost)  
  125  30:18  Sentry (Chrono Boost)  
  113  30:50  Unknown  
  103  31:49  Photon Cannon  
  103  31:50  Photon Cannon  
  103  31:52  Photon Cannon  
  103  31:58  Void Ray x3  
  117  32:16  High Templar (Chrono Boost)  
  117  32:17  Zealot x3 (Chrono Boost)  
  123  32:46  Void Ray x2  
  123  32:47  Void Ray, Zealot (Chrono Boost)  
  123  32:49  Zealot (Chrono Boost)  
  129  32:52  Zealot (Chrono Boost)  
  129  32:56  Zealot (Chrono Boost), Nexus  
  143  33:18  Zealot (Chrono Boost)  
  143  33:19  Zealot x2 (Chrono Boost)  
  151  33:30  Zealot (Chrono Boost)  
  151  33:42  Unknown  
  151  33:43  Pylon  
  151  33:44  Void Ray x3  
  151  33:45  Pylon  
  151  33:47  Pylon  
  151  33:49  Pylon  
  163  33:56  Zealot (Chrono Boost)  
  163  33:57  Zealot x2 (Chrono Boost)  
  169  34:08  Zealot (Chrono Boost)  
  115  34:32  Zealot (Chrono Boost)  
  115  34:33  Zealot (Chrono Boost)  
  115  34:34  Zealot (Chrono Boost)  
  115  34:44  Void Ray x3  
  115  34:45  Zealot (Chrono Boost)  
  129  34:58  Zealot x2 (Chrono Boost)  
  129  35:00  Zealot (Chrono Boost)  
  135  35:11  Stalker (Chrono Boost)  
  137  35:37  Stalker x3 (Chrono Boost)  
  143  35:44  Void Ray  
  149  35:53  Stalker (Chrono Boost)  
  149  36:18  Stalker (Chrono Boost)  
  149  36:19  Stalker x2 (Chrono Boost)  
  155  36:28  Stalker (Chrono Boost)  
  157  36:37  Nexus  
  157  36:41  Pylon, Assimilator  
  157  36:45  Pylon  
  157  36:46  Pylon, Zealot (Chrono Boost)  
  157  36:47  Zealot (Chrono Boost)  
  157  36:49  Assimilator, Zealot (Chrono Boost)  
  157  36:55  Void Ray  
  157  36:56  Void Ray  
  157  36:57  Pylon, Void Ray  
  163  37:02  Zealot (Chrono Boost)  
  179  37:25  Stalker x3 (Chrono Boost)  
  183  37:37  Stalker (Chrono Boost)  
  193  38:01  Stalker x2 (Chrono Boost)  
  193  38:03  Zealot (Chrono Boost)  
  185  39:52  Zealot x2 (Chrono Boost)  
  185  39:53  Zealot (Chrono Boost)  
  185  39:54  Zealot (Chrono Boost)  
  193  40:29  Zealot x4 (Chrono Boost)  
  193  40:35  Unknown  
  155  41:06  Zealot (Chrono Boost)  
  155  41:07  Zealot x3 (Chrono Boost)  
  163  41:10  Tempest  
  163  41:11  Tempest x2  
  182  41:44  Zealot (Chrono Boost)  
  182  41:45  Zealot x3 (Chrono Boost)  
  178  42:10  Tempest  
  178  42:11  Tempest x2  
  199  42:22  Zealot (Chrono Boost)  
  199  42:23  Zealot x2 (Chrono Boost)  
Tags
 
Add a new tag
Caveats
  • Supply blocks, unpowered buildings, or Contaminate may cause inaccurate times.
  • Supply counts are checked every 10 seconds.